BLB
PHILADELPHIA FREEDOM @ CALIFORNIA KODIAKS
08/29/2059
 
TOP OF THE 1ST
Philadelphia Freedom batting - Pitching for California Kodiaks : RHP Joel Sawyer
Pitching: RHP Joel Sawyer
Batting: RHB Art Swor 0-0: Called Strike
0-1: Ball
1-1: Called Strike
1-2: Ball
2-2: Foul Ball, location: 2F
2-2: Foul Ball, location: 2F
2-2: Ball
3-2: Ground out 5-3 (Groundball, 56S, EV 88.1 MPH)
Batting: RHB Mitch Marcinkowski 0-0: Foul Ball, location: 2F
0-1: Called Strike
0-2: SINGLE (Groundball, 56D, EV 103.8 MPH)
Batting: RHB Isaiah Thomas 0-0: Called Strike
0-1: Swinging Strike
0-2: Fielders Choice at 2nd, 1-4 (Groundball, 15S, EV 68.1 MPH)
Batting: RHB Burgess Nalivkin 0-0: Ball
1-0: Fly out, F8 (Flyball, 8LXD, EV 97.5 MPH)
Top of the 1st over - 0 runs, 1 hit, 0 errors, 1 left on base; Philadelphia 0 - California 0
BOTTOM OF THE 1ST
California Kodiaks batting - Pitching for Philadelphia Freedom : LHP Seth Faber
Pitching: LHP Seth Faber
Batting: RHB Mitt Saginashvili 0-0: Ball
1-0: Swinging Strike
1-1: Called Strike
1-2: Ball
2-2: Strikes out swinging
Batting: RHB Damon Squyres 0-0: SINGLE (Line Drive, 7S, EV 90.6 MPH)
Batting: RHB Stan Sikes 0-0: Ball
1-0: Foul Ball, location: 2F
1-1: Foul Ball, location: 2F
1-2: Ball
2-2: Strikes out looking
Batting: RHB Kelvin Young 0-0: Called Strike
Damon Squyres steals 2nd base
0-1: Ball
1-1: Ball
2-1: Foul Ball, location: 2F
2-2: Ball
3-2: SINGLE (Line Drive, 56D, EV 96.9 MPH)
Damon Squyres to third
Runner from 3rd tries for Home, throw by LF and OUT! 7-2
Bottom of the 1st over - 0 runs, 2 hits, 0 errors, 1 left on base; Philadelphia 0 - California 0
TOP OF THE 2ND
Philadelphia Freedom batting - Pitching for California Kodiaks : RHP Joel Sawyer
Batting: RHB Joseph Flynn 0-0: Foul Ball, location: 2F
0-1: Called Strike
0-2: Hit by Pitch
Batting: LHB Amonte Raper 0-0: Ball
1-0: Ball
2-0: Called Strike
2-1: Foul Ball, location: 2F
2-2: Ball
3-2: Strikes out swinging
Batting: RHB James Lester 0-0: Ball
1-0: Grounds into double play, 6-4-3 (Groundball, 6, EV 97.5 MPH)
Top of the 2nd over - 0 runs, 0 hits, 0 errors, 0 left on base; Philadelphia 0 - California 0
BOTTOM OF THE 2ND
California Kodiaks batting - Pitching for Philadelphia Freedom : LHP Seth Faber
Batting: RHB Hayden Cornett 0-0: SINGLE (Groundball, 25, EV 73.8 MPH) (infield hit)
Batting: RHB Frank Memmi 0-0: Ball
1-0: Swinging Strike
1-1: Called Strike
Hayden Cornett steals 2nd base
1-2: Ball
2-2: Fly out, F8 (Flyball, 8LD, EV 98.8 MPH)
Batting: RHB Dante Nunn 0-0: Called Strike
0-1: Called Strike
0-2: Ball
1-2: SINGLE (Line Drive, 8RS, EV 106.9 MPH)
Hayden Cornett to third
Runner from 3rd tries for Home, SAFE, throw by CF to home
Dante Nunn to second
Batting: RHB Al Wagner 0-0: Ball
1-0: Ball
2-0: Ground out 4-3 (Groundball, 4, EV 87.5 MPH)
Dante Nunn to third
Batting: RHB Caron Wilson 0-0: Ball
1-0: Ball
2-0: Ball
3-0: Base on Balls
Batting: RHB Mitt Saginashvili 0-0: Ground out 1-3 (Groundball, 34S, EV 65.6 MPH)
Bottom of the 2nd over - 1 run, 2 hits, 0 errors, 2 left on base; Philadelphia 0 - California 1
TOP OF THE 3RD
Philadelphia Freedom batting - Pitching for California Kodiaks : RHP Joel Sawyer
Batting: RHB Phillip Cox 0-0: Ground out 5-3 (Groundball, 56S, EV 71.9 MPH)
Batting: RHB Garret Connors 0-0: Swinging Strike
0-1: Foul Ball, location: 2F
0-2: Ball
1-2: Ball
2-2: Strikes out looking
Batting: RHB Art Swor 0-0: Ball
1-0: Foul Ball, location: 2F
1-1: Foul Ball, location: 2F
1-2: Strikes out swinging
Top of the 3rd over - 0 runs, 0 hits, 0 errors, 0 left on base; Philadelphia 0 - California 1
BOTTOM OF THE 3RD
California Kodiaks batting - Pitching for Philadelphia Freedom : LHP Seth Faber
Batting: RHB Damon Squyres 0-0: Ball
1-0: Ball
2-0: Foul Ball, location: 2F
2-1: Fly out, F5 (Line Drive, 5, EV 64.4 MPH)
Batting: RHB Stan Sikes 0-0: Called Strike
0-1: Ball
1-1: Foul Ball, location: 2F
1-2: Ball
2-2: Strikes out swinging
Batting: RHB Kelvin Young 0-0: Ball
1-0: Ball
2-0: Ground out 4-3 (Groundball, 4, EV 107.5 MPH)
Bottom of the 3rd over - 0 runs, 0 hits, 0 errors, 0 left on base; Philadelphia 0 - California 1
TOP OF THE 4TH
Philadelphia Freedom batting - Pitching for California Kodiaks : RHP Joel Sawyer
Batting: RHB Mitch Marcinkowski 0-0: Foul Ball, location: 2F
0-1: Ball
1-1: Foul Ball, location: 2F
1-2: Foul Ball, location: 2F
1-2: Ball
2-2: Foul Ball, location: 2F
2-2: SINGLE (Groundball, 56D, EV 105.6 MPH)
Batting: RHB Isaiah Thomas 0-0: Ball
1-0: Foul Ball, location: 2F
1-1: Swinging Strike
1-2: Ball
2-2: Ball
3-2: Foul Ball, location: 2F
3-2: Strikes out swinging
Batting: RHB Burgess Nalivkin 0-0: Ball
1-0: Swinging Strike
1-1: Called Strike
1-2: Grounds into double play, 6-4-3 (Groundball, 56D, EV 76.2 MPH)
Top of the 4th over - 0 runs, 1 hit, 0 errors, 0 left on base; Philadelphia 0 - California 1
BOTTOM OF THE 4TH
California Kodiaks batting - Pitching for Philadelphia Freedom : LHP Seth Faber
Batting: RHB Hayden Cornett 0-0: Ball
1-0: Called Strike
1-1: Ball
2-1: Ball
3-1: SINGLE (Line Drive, 6D, EV 97.5 MPH)
Batting: RHB Frank Memmi 0-0: Called Strike
0-1: Ball
Hayden Cornett is caught stealing 2nd base 2-4
1-1: SINGLE (Flyball, 89S, EV 82.5 MPH)
Batting: RHB Dante Nunn 0-0: DOUBLE (Line Drive, 9LS, EV 98.1 MPH)
Frank Memmi to third
Runner from 3rd tries for Home, SAFE, throw by RF to home
Batting: RHB Al Wagner 0-0: Ball
1-0: Ball
2-0: Called Strike
2-1: Ball
3-1: Base on Balls
Batting: RHB Caron Wilson 0-0: Swinging Strike
0-1: Called Strike
0-2: Ball
1-2: Ball
2-2: Strikes out looking and he ARGUES THE CALL AND IS TOSSED!
Batting: RHB Mitt Saginashvili 0-0: Swinging Strike
0-1: SINGLE (Groundball, 34D, EV 93.8 MPH)
Dante Nunn to third
Al Wagner to second
Runner from 3rd tries for Home, SAFE, throw by RF to home
Batting: RHB Damon Squyres 0-0: Swinging Strike
0-1: Ball
1-1: Called Strike
1-2: Strikes out looking
Bottom of the 4th over - 2 runs, 4 hits, 0 errors, 2 left on base; Philadelphia 0 - California 3
TOP OF THE 5TH
Philadelphia Freedom batting - Pitching for California Kodiaks : RHP Joel Sawyer
Now at SS: Mitt Saginashvili
Now in CF: Stephen Caskey
Batting: RHB Joseph Flynn 0-0: Ball
1-0: Called Strike
1-1: Ball
2-1: Foul Ball, location: 2F
2-2: Ball
3-2: DOUBLE (Flyball, 89D, EV 103.1 MPH)
Batting: LHB Amonte Raper 0-0: Ball
1-0: Foul Ball, location: 2F
1-1: Ball
2-1: Ground out 1-3 (Groundball, 15S, EV 72.5 MPH)
Batting: RHB James Lester 0-0: Called Strike
0-1: Ball
1-1: Ball
2-1: Fly out, F6 (Popup, P, EV 81.2 MPH)
Batting: RHB Phillip Cox 0-0: Called Strike
0-1: Ball
1-1: Swinging Strike
1-2: Foul Ball, location: 2F
1-2: Strikes out swinging
Top of the 5th over - 0 runs, 1 hit, 0 errors, 1 left on base; Philadelphia 0 - California 3
BOTTOM OF THE 5TH
California Kodiaks batting - Pitching for Philadelphia Freedom : LHP Seth Faber
Batting: RHB Stan Sikes 0-0: SOLO HOME RUN (Flyball, 9D, EV 95.0 MPH), Distance : 361 ft
Batting: RHB Kelvin Young 0-0: Ball
1-0: Called Strike
1-1: Foul Ball, location: 2F
1-2: Ball
2-2: Ball
3-2: Base on Balls
Batting: RHB Hayden Cornett 0-0: Called Strike
0-1: Ball
1-1: Called Strike
1-2: Strikes out swinging
Batting: RHB Frank Memmi 0-0: Called Strike
0-1: Swinging Strike
0-2: Strikes out swinging
Batting: RHB Dante Nunn 0-0: Called Strike
0-1: Ball
1-1: Foul Ball, location: 2F
1-2: Strikes out swinging
Bottom of the 5th over - 1 run, 1 hit, 0 errors, 1 left on base; Philadelphia 0 - California 4
TOP OF THE 6TH
Philadelphia Freedom batting - Pitching for California Kodiaks : RHP Joel Sawyer
Batting: RHB Garret Connors 0-0: Fly out, F2 (Popup, 23F, EV 86.2 MPH)
Batting: RHB Art Swor 0-0: Called Strike
0-1: Called Strike
0-2: Foul Ball, location: 2F
0-2: Ball
1-2: Ball
2-2: Foul Ball, location: 2F
2-2: Strikes out looking
Batting: RHB Mitch Marcinkowski 0-0: Foul Ball, location: 2F
0-1: Foul Ball, location: 2F
0-2: Fly out, F8 (Line Drive, 8LD, EV 95.0 MPH)
Top of the 6th over - 0 runs, 0 hits, 0 errors, 0 left on base; Philadelphia 0 - California 4
BOTTOM OF THE 6TH
California Kodiaks batting - Pitching for Philadelphia Freedom : LHP Seth Faber
Batting: RHB Al Wagner 0-0: Ball
1-0: Foul Ball, location: 2F
1-1: Ball
2-1: Swinging Strike
2-2: Foul Ball, location: 2F
2-2: Foul Ball, location: 2F
2-2: Ball
3-2: SINGLE (Line Drive, 9S, EV 107.5 MPH)
Batting: LHB Stephen Caskey 0-0: Ball
1-0: Ball
2-0: Bunt missed!
2-1: Sac Bunt to 3S - play at first, batter OUT! 3-1
Al Wagner to second
Batting: RHB Mitt Saginashvili 0-0: Ball
1-0: SINGLE (Line Drive, 89S, EV 91.2 MPH)
Al Wagner to third
Runner from 3rd tries for Home, throw by RF and OUT! 9-2
Batting: RHB Damon Squyres 0-0: Ball
1-0: Called Strike
1-1: Ball
2-1: Fielders Choice at 2nd, 6-4 (Groundball, 56, EV 88.8 MPH)
Bottom of the 6th over - 0 runs, 2 hits, 0 errors, 1 left on base; Philadelphia 0 - California 4
TOP OF THE 7TH
Philadelphia Freedom batting - Pitching for California Kodiaks : RHP Joel Sawyer
Batting: RHB Isaiah Thomas 0-0: Ball
1-0: Foul Ball, location: 2F
1-1: Foul Ball, location: 2F
1-2: Foul Ball, location: 2F
1-2: Strikes out swinging
Pitching: LHP Aubrey Wheelwright
Batting: RHB Burgess Nalivkin 0-0: Called Strike
0-1: Ground out 3-1 (Groundball, 13, EV 80.0 MPH)
Batting: RHB Joseph Flynn 0-0: Ball
1-0: Ball
2-0: Ground out U3 (Groundball, 34, EV 81.9 MPH)
Top of the 7th over - 0 runs, 0 hits, 0 errors, 0 left on base; Philadelphia 0 - California 4
BOTTOM OF THE 7TH
California Kodiaks batting - Pitching for Philadelphia Freedom : LHP Seth Faber
Pitching: LHP Clay O'Gara
Batting: RHB Stan Sikes 0-0: Ball
1-0: Called Strike
1-1: Ball
2-1: Swinging Strike
2-2: Strikes out swinging
Batting: RHB Kelvin Young 0-0: Called Strike
0-1: Ball
1-1: Swinging Strike
1-2: Ball
2-2: Strikes out swinging, 2-3 out at first.
Batting: RHB Hayden Cornett 0-0: Ball
1-0: Ball
2-0: Ball
3-0: Called Strike
3-1: Foul Ball, location: 2F
3-2: Fly out, F8 (Flyball, 8RXD, EV 103.8 MPH)
Bottom of the 7th over - 0 runs, 0 hits, 0 errors, 0 left on base; Philadelphia 0 - California 4
TOP OF THE 8TH
Philadelphia Freedom batting - Pitching for California Kodiaks : LHP Aubrey Wheelwright
Batting: LHB Amonte Raper 0-0: Swinging Strike
0-1: Called Strike
0-2: Strikes out swinging
Batting: RHB James Lester 0-0: Foul Ball, location: 2F
0-1: Ball
1-1: Ball
2-1: Called Strike
2-2: Ball
3-2: Strikes out swinging
Batting: RHB Phillip Cox 0-0: Ground out 4-3 (Groundball, 4S, EV 68.1 MPH)
Top of the 8th over - 0 runs, 0 hits, 0 errors, 0 left on base; Philadelphia 0 - California 4
BOTTOM OF THE 8TH
California Kodiaks batting - Pitching for Philadelphia Freedom : LHP Clay O'Gara
Batting: RHB Frank Memmi 0-0: Ground out 6-3 (Groundball, 6, EV 91.2 MPH)
Batting: RHB Dante Nunn 0-0: Ball
1-0: Ball
2-0: Ball
3-0: Called Strike
3-1: Foul Ball, location: 2F
3-2: Foul Ball, location: 2F
3-2: SINGLE (Flyball, 34D, EV 90.6 MPH)
Batting: RHB Al Wagner 0-0: Called Strike
0-1: Foul Ball, location: 2F
0-2: Ball
1-2: Foul Ball, location: 2F
1-2: Strikes out looking
Batting: LHB Stephen Caskey 0-0: Ball
1-0: Foul Ball, location: 2F
1-1: Foul Ball, location: 2F
1-2: Strikes out looking
Bottom of the 8th over - 0 runs, 1 hit, 0 errors, 1 left on base; Philadelphia 0 - California 4
TOP OF THE 9TH
Philadelphia Freedom batting - Pitching for California Kodiaks : LHP Aubrey Wheelwright
Batting: RHB Garret Connors 0-0: Ball
1-0: Called Strike
1-1: Ball
2-1: Swinging Strike
2-2: Strikes out swinging
Batting: RHB Art Swor 0-0: Called Strike
0-1: Ball
1-1: Foul Ball, location: 2F
1-2: Ball
2-2: Fly out, F8 (Flyball, 89S, EV 96.2 MPH)
Batting: RHB Mitch Marcinkowski 0-0: Ball
1-0: Ball
2-0: Ball
3-0: Called Strike
3-1: Foul Ball, location: 2F
3-2: Strikes out looking
Top of the 9th over - 0 runs, 0 hits, 0 errors, 0 left on base; Philadelphia 0 - California 4
Wednesday, March 27th , 2024 - OOTP Baseball 23.10 Build 110